 Dungeon Crawl Stone Soup version 0.18.1-8-gdd0e5ea (webtiles) character file.

102 Marenglen the Vexing (level 4, -2/40 HPs)
             Began as a Troll Arcane Marksman on May 23, 2016.
             Slain by Purgy (4 damage)
             ... while paralysed by Grinder
             ... on level 3 of the Dungeon.
             The game lasted 00:05:12 (1905 turns).

Marenglen the Vexing (Troll Arcane Marksman)        Turns: 1905, Time: 00:05:13

Health: -2/40      AC:  3    Str: 19    XL:     4   Next: 50%
Magic:  1/4        EV:  1    Int: 12    God:
Gold:   163        SH:  0    Dex: 10    Spells: 2 memorised, 2 levels left

rFire  . . .     SeeInvis .       - Unarmed
rCold  . . .     Gourm    +     (armour restricted)
rNeg   . . .     Faith    .     (no shield)
rPois  .         Spirit   .     (helmet restricted)
rElec  .         Dismiss  .     (no cloak)
rCorr  .         Reflect  .     (gloves unavailable)
SustAt .         Harm     .     (boots unavailable)
MR     .....                    (no amulet)
Stlth  +.........               (no ring)
                                s - +3 ring of intelligence

@: paralysed, very slightly contaminated, not resistant to hostile enchantments,
very unstealthy
A: unfitting armour, claws 3, fast metabolism 3, gourmand, regeneration 2,
shaggy fur 1, tough skin 2
a: no special abilities


You were on level 3 of the Dungeon.
You were not hungry.

You visited 1 branch of the dungeon, and saw 3 of its levels.

You collected 163 gold pieces.

Inventory:

Missiles
 c - 3 large rocks (quivered)
 d - 2 throwing nets
 n - 2 tomahawks of returning
Jewellery
 s - a +3 ring of intelligence (left claw)
Scrolls
 a - 2 scrolls of identify
 e - a scroll of immolation
 h - a scroll of remove curse
 l - a scroll of enchant weapon
Potions
 g - 2 potions of heal wounds
 j - a potion of might {unknown}
 k - a potion of berserk rage {unknown}
 o - a potion of cancellation {unknown}
 q - 2 potions of curing
 u - a potion of brilliance {unknown}
Books
 b - a book of Debilitation

   Spells                             Type                      Level
   a - Corona                         Hexes                        1
   b - Slow                           Hexes                        2
   c - Gell's Gravitas                Hexes/Translocation          3
   d - Inner Flame                    Hexes/Fire                   3
   e - Cause Fear                     Hexes                        4
   f - Leda's Liquefaction            Hexes/Earth                  4
Comestibles
 f - 3 bread rations
 i - a meat ration
 m - a beef jerky
 p - 3 fruits


   Skills:
 - Level 0.7 Fighting
 + Level 1.7 Throwing
 - Level 1.5 Dodging
 + Level 2.9 Unarmed Combat
 - Level 1.0 Spellcasting
 - Level 2.9 Hexes


You had 2 spell levels left.
You knew the following spells:

 Your Spells              Type           Power        Failure   Level  Hunger
a - Corona                Hex            #......      12%         1    ##.....
b - Slow                  Hex            #.......     14%         2    ###....


Dungeon Overview and Level Annotations

Branches:
Dungeon (3/15)

Altars:
Ashenzari
Makhleb

Annotations:
D:3 Grinder, Purgy


Innate Abilities, Weirdness & Mutations

You are too large for most types of armour.
You have claws for hands.
Your metabolism is lightning-fast.
You like to eat raw meat.
You heal very quickly.
You are covered in fur (AC +1).
You have very tough skin (AC +2).


Message History

Purgy bites you. Purgy barely misses you. Purgy claws you but does no damage.
Grinder gestures at you. You resist with significant effort.
Grinder gestures at you.
You barely resist. Grinder gestures at you.
You suddenly lose the ability to move!
Purgy bites you but does no damage. Purgy claws you. x2
Grinder blinks!
Purgy bites you! Purgy claws you. x2
Grinder blinks!
Purgy bites you.
* * * LOW HITPOINT WARNING * * *
Purgy claws you.
* * * LOW HITPOINT WARNING * * *
Purgy claws you but does no damage. Purgy bites you.
* * * LOW HITPOINT WARNING * * *
Purgy claws you.
* * * LOW HITPOINT WARNING * * *
Purgy claws you.
You die...

*,* #.#........,,,,+,,,,+... *,*
#.#......##*****,,,,#...
***,****#.#......# *,,,,#...
*,,,,,,,..#......# *,,,,#...
****#######......######*,,,,#...
#.................#*,,,,#...
#.######..........#*,,,,#...
#.######..........#*,,,,####
#.#........@......#*,,,,*
#.#....§...T......#*,,,,*
#.'.........).....#******
###........5......#
##............####
#.............# #.≈≈######....#
#.≈##⌠#⌠###...# #.≈#≈≈≈≈≈##...#


You could see Grinder and Purgy.

Vanquished Creatures
  Jessica (D:3)
  Robin (D:2)
  2 adders (D:2)
  A giant gecko (D:2)
  An orc (D:3)
  A ball python (D:2)
  4 giant cockroaches
  13 goblins
  5 hobgoblins
  A kobold (D:1)
  3 quokkas
  3 bats
  4 rats
40 creatures vanquished.

Notes
Turn   | Place    | Note
--------------------------------------------------------------
     0 | D:1      | Marenglen the Troll Arcane Marksman began the quest for the Orb.
     0 | D:1      | Reached XP level 1. HP: 18/18 MP: 1/1
   553 | D:1      | Reached skill level 1 in Unarmed Combat
   586 | D:1      | Reached XP level 2. HP: 23/26 MP: 2/2
   593 | D:1      | Learned a level 2 spell: Slow
  1191 | D:2      | Reached XP level 3. HP: 30/32 MP: 3/3
  1400 | D:2      | Noticed Robin
  1418 | D:2      | Killed Robin
  1443 | D:2      | Reached XP level 4. HP: 23/40 MP: 4/4
  1691 | D:3      | Noticed Jessica
  1696 | D:3      | Killed Jessica
  1848 | D:3      | Found a burning altar of Makhleb.
  1874 | D:3      | Found a shattered altar of Ashenzari.
  1877 | D:3      | Noticed Grinder
  1878 | D:3      | Noticed Purgy
  1901 | D:3      | Paralysed by Grinder for 6 turns
  1905 | D:3      | HP: 2/40 [Purgy (3)]
  1905 | D:3      | Slain by Purgy

Skill      XL: |  1  2  3 |
---------------+----------+-----
Unarmed Combat | 1 2 |  2.9
Fighting       | |  0.7
Throwing       | |  1.7
Dodging        | |  1.5
Spellcasting   | |  1.0
Hexes          | |  2.9

Action                   |  1- 3 |  4- 6 || total
-------------------------+-------+-------++-------
Melee: Unarmed           |    92 |    23 ||   115
Throw: Large rock        |     4 |     1 ||     5
       Throwing net      |     2 |     1 ||     3
  Use: Scroll            |     6 |     5 ||    11
  Eat: Chunk             |    10 |     6 ||    16
Armor: Robe              |    15 |       ||    15
       Skin              |    22 |    10 ||    32
Dodge: Dodged            |    46 |    10 ||    56
